 Dungeon Crawl Stone Soup version 0.20-a0-983-g35de22d (webtiles) character file.

14424 AlphabetPasta the Destroyer (level 12, -5/96 HPs)
             Began as a Naga Conjurer on Apr 8, 2017.
             Was a High Priest of Cheibriados.
             Slain by an orc knight
             ... wielding a +0 war axe
              (26 damage)
             ... on level 10 of the Dungeon on Apr 9, 2017.
             The game lasted 01:21:19 (12867 turns).

AlphabetPasta the Destroyer (Naga Conjurer)        Turns: 12867, Time: 01:21:19

Health: -5/96      AC: 10    Str: 24    XL:     12   Next: 16%
Magic:  9/33       EV: 13    Int: 36    God:    Cheibriados [*****.]
Gold:   566        SH: 12    Dex: 25    Spells: 3/27 levels left

rFire    . . .     SeeInvis +   q - +3 falchion (holy)
rCold    + . .     Gourm    .   B - +6 buckler of the Will of the Gods {rElec rN+++ MR+ SInv}
rNeg     + + +     Faith    .   e - +2 leather armour {rC+}
rPois    +         Spirit   .   i - +0 helmet
rElec    +         Reflect  .   (no cloak)
rCorr    .         Harm     .   n - +1 pair of gloves
MR       ++...                  (no barding)
Stlth    +++.......             (no amulet)
Regen    0.3/turn               (no ring)
MPRegen  0.3/turn               a - ring of magical power

@: slowed, very slow
A: see invisible, deformed body, poison resistance, slowness 2, slow metabolism
1, spit poison 1, AC +4
a: Spit Poison, Bend Time, Temporal Distortion, Slouch, Step From Time, Renounce
Religion


You were on level 10 of the Dungeon.
You worshipped Cheibriados.
Cheibriados was extremely pleased with you.
You were not hungry.

You visited 1 branch of the dungeon, and saw 10 of its levels.
You also visited: Ossuary.

You collected 566 gold pieces.

Inventory:

Hand Weapons
 q - a +3 falchion of holy wrath (weapon)
Armour
 e - a +2 leather armour of cold resistance (worn)
 i - a +0 helmet (worn)
 l - a +1 robe of magic resistance
 n - a +1 pair of gloves (worn)
 B - the +6 buckler of the Will of the Gods (worn) {rElec rN+++ MR+ SInv}
   (You found it on level 6 of the Dungeon)

   It insulates you from electricity.
   It renders you almost immune to negative energy.
   It affects your resistance to hostile enchantments.
   It lets you see invisible.
Jewellery
 a - a ring of magical power (right hand)
 K - an uncursed ring of fire
 N - an uncursed ring of flight
Wands
 h - a wand of polymorph (13/24)
 m - a wand of polymorph (11/24)
 p - a wand of lightning (5/15)
 z - a wand of paralysis (1/24)
 C - a wand of flame (11/48)
 D - a wand of confusion (9/48)
Scrolls
 t - 3 scrolls of remove curse
 u - a scroll of magic mapping
 v - 2 scrolls of identify
 F - 2 scrolls of amnesia
 G - 2 scrolls of summoning
 I - a scroll of enchant armour
Potions
 d - 8 potions of curing
 g - 2 potions of resistance
 k - 2 potions of brilliance
 o - 2 potions of might
 r - a potion of invisibility
 A - 2 potions of magic
 L - 2 potions of cancellation
Books
 x - a book of Power

   Spells                             Type                      Level
   a - Iskenderun's Battlesphere      Conjuration/Charms           5
   b - Venom Bolt                     Conjuration/Poison           5
   c - Bolt of Magma                  Conjuration/Fire/Earth       5
   d - Iron Shot                      Conjuration/Earth            6
   e - Orb of Destruction             Conjuration                  7
   f - Spellforged Servitor           Conjuration/Summoning        7
Comestibles
 b - 2 chunks of flesh
 c - 11 bread rations
 j - 5 royal jellies
 s - 7 meat rations
 w - a fruit


   Skills:
 - Level 2.4 Fighting
 + Level 4.2 Long Blades
 - Level 2.1 Armour
 + Level 3.9 Dodging
 - Level 3.0 Stealth
 - Level 2.6 Shields
 + Level 8.4 Spellcasting
 * Level 12.9 Conjurations
 + Level 3.9 Fire Magic
 - Level 2.6 Earth Magic
 + Level 6.8 Invocations
 - Level 2.0 Evocations


You had 3 spell levels left.
You knew the following spells:

 Your Spells              Type           Power        Failure   Level  Hunger
a - Magic Dart            Conj           ####         0%          1    None
b - Searing Ray           Conj           ######       1%          2    None
c - Dazzling Spray        Conj/Hex       ######       1%          3    None
d - Iskenderun's Mystic   Conj           #######.     1%          4    None
e - Force Lance           Conj/Tloc      ######..     1%          4    None
f - Fulminant Prism       Conj/Hex       ######....   1%          4    None
g - Bolt of Magma         Conj/Fire/Erth ######....   8%          5    ###....
h - Apportation           Tloc           ###...       3%          1    None


Dungeon Overview and Level Annotations

Branches:
Dungeon (10/15)            Temple (0/1) D:6            Lair (0/6) D:9
    Orc: D:9-12

Altars:
Cheibriados
Hepliaklqana
Makhleb
Nemelex Xobeh
Ru
Sif Muna
Trog
Zin
The Shining One

Shops:
D:5 *(   D:9 (   D:10 [


Innate Abilities, Weirdness & Mutations

You cannot wear boots.
Your serpentine skin is tough. (AC +4)
You have supernaturally acute eyesight. (SInv)
Armour fits poorly on your strangely shaped body.
Your system is resistant to poisons. (rPois)
You cover ground very slowly.
You have a slow metabolism.
You can spit poison.


Message History

You hit the orc knight but do no damage.
The orc knight is heavily wounded.
The helpless orc knight fails to defend itself.
You hit the orc knight.
The orc knight is heavily wounded.
The helpless orc knight fails to defend itself.
You hit the orc knight but do no damage.
The orc knight is heavily wounded.
The helpless orc knight fails to defend itself.
You slash the orc knight!
The orc knight is severely wounded.
The orc knight is no longer paralysed.
The orc knight closely misses you.
You riposte.
You hit the orc knight but do no damage.
The orc knight is severely wounded.
You block the orc knight's attack.
You hit the orc knight but do no damage.
The orc knight is severely wounded.
The orc knight hits you with a war axe!!
You die...

..# #####..
.......
.......
........
#.......##
...$....# #..
#@#
###..###o##
###.......5.#
..∩.........#
#......)...#
#....)..).#
#....)...?#
#.........#
#....)....#


You could see an orc knight and a shadow imp.

Vanquished Creatures
  Josephine (D:10)
  4 two-headed ogres
  2 death yaks (D:9)
  The ghost of baronkooklespooks the Fighter, a novice DsFi of Vehumet (D:9)
  The ghost of baronkooklespooks the Skirmisher, a novice DsFi of Makhleb (D:8)
  2 hippogriffs
  A vampire (D:9)
  A wyvern (D:9)
  2 wraiths (D:10)
  Eustachio (D:5)
  10 yaks (D:9)
  A steam dragon (D:7)
  A hungry ghost (D:7)
  Menkaure (Ossuary)
  A water moccasin (D:5)
  A porcupine (D:9)
  2 orc warriors
  5 sky beasts
  3 ice beasts
  A boggart (D:7)
  6 ogres
  4 centaurs
  5 bullfrogs
  A big kobold (D:7)
  A gnoll sergeant (D:5)
  An elf skeleton (D:7)
  2 scorpions
  6 killer bees (D:9)
  8 wights (D:7)
  3 howler monkeys
  3 crimson imps
  A bullfrog zombie (D:8)
  5 centaur zombies
  A quasit (D:6)
  A human zombie (D:7)
  7 jellies
  7 orc priests
  3 gnoll shamans
  3 bullfrog skeletons
  A centaur skeleton (D:3)
  2 hounds
  An iron imp (D:6)
  3 human skeletons (D:7)
  Jessica (D:2)
  Natasha (thrice) (D:2)
  An iguana (D:9)
  10 orc wizards
  7 worker ants
  An ogre zombie (Ossuary)
  A hound zombie (D:6)
  2 hound skeletons (D:7)
  6 mummies (Ossuary)
  A worker ant zombie (D:9)
  53 gnolls
  A howler monkey skeleton (D:6)
  10 adders
  2 river rats (D:9)
  2 oozes (D:4)
  4 adder zombies (Ossuary)
  An adder skeleton (D:4)
  4 worms
  A dart slug (D:1)
  3 leopard geckos
  35 orcs
  3 ball pythons
  7 giant cockroaches
  2 gnoll zombies (Ossuary)
  9 goblins
  4 hobgoblins
  29 jackals
  5 quokkas
  7 bats
  8 frilled lizards
  4 goblin zombies (Ossuary)
  2 hobgoblin zombies (Ossuary)
  7 kobolds
  A kobold zombie (Ossuary)
  A leopard gecko skeleton (D:5)
  An orc zombie (D:7)
  2 quokka skeletons (D:4)
  5 quokka zombies
  5 rats
  9 rat zombies (Ossuary)
377 creatures vanquished.

Vanquished Creatures (others)
  An orc (D:7)
  A kobold (D:7)
2 creatures vanquished.

Grand Total: 379 creatures vanquished

Notes
Turn   | Place    | Note
-------+----------+-------------------------------------------
     0 | D:1      | AlphabetPasta the Naga Conjurer began the quest for the Orb.
     0 | D:1      | Reached XP level 1. HP: 15/15 MP: 3/3
    90 | D:1      | Reached XP level 2. HP: 6/22 MP: 0/5
   109 | D:1      | Learned a level 2 spell: Searing Ray
   431 | D:1      | Reached XP level 3. HP: 28/28 MP: 2/6
   472 | D:1      | Learned a level 3 spell: Dazzling Spray
  1126 | D:2      | Found a sacrificial altar of Ru.
  1133 | D:2      | Reached skill level 5 in Conjurations
  1133 | D:2      | Reached XP level 4. HP: 20/36 MP: 0/8
  1310 | D:2      | Noticed Jessica
  1312 | D:2      | Killed Jessica
  1410 | D:2      | Reached XP level 5. HP: 21/42 MP: 0/9
  1434 | D:2      | HP: 2/42 [gnoll/flail (12)]
  2384 | D:2      | Noticed Natasha
  2391 | D:2      | Killed Natasha
  2391 | D:2      | Reached skill level 6 in Conjurations
  2443 | D:2      | Noticed Natasha
  2446 | D:2      | Killed Natasha
  2446 | D:2      | Reached XP level 6. HP: 43/49 MP: 7/11
  2452 | D:2      | Learned a level 4 spell: Iskenderun's Mystic Blast
  2746 | D:2      | Noticed Natasha
  2750 | D:2      | Killed Natasha
  3685 | D:4      | Found a burning altar of Makhleb.
  3688 | D:4      | Reached XP level 7. HP: 55/55 MP: 9/13
  3694 | D:4      | Learned a level 4 spell: Force Lance
  3750 | D:4      | Reached skill level 7 in Conjurations
  4413 | D:5      | Entered Level 5 of the Dungeon
  4421 | D:5      | Learned a level 4 spell: Force Lance
  5075 | D:5      | Reached skill level 8 in Conjurations
  5121 | D:5      | Found Zin's Purification Station.
  5123 | D:5      | Found a glowing silver altar of Zin.
  5329 | D:5      | Reached XP level 8. HP: 62/62 MP: 9/15
  5414 | D:5      | Reached skill level 5 in Spellcasting
  5556 | D:5      | Found Tayseumm's Weapon Emporium.
  5614 | D:5      | Reached skill level 1 in Shields
  6299 | D:5      | Reached skill level 1 in Armour
  6356 | D:5      | Noticed Eustachio
  6369 | D:5      | Killed Eustachio
  6369 | D:5      | Reached skill level 9 in Conjurations
  6733 | D:5      | Reached XP level 9. HP: 68/68 MP: 9/17
  6796 | D:5      | Learned a level 4 spell: Fulminant Prism
  6846 | D:6      | Found a snail-covered altar of Cheibriados.
  6858 | D:6      | Became a worshipper of Cheibriados the Contemplative
  7031 | D:6      | Reached skill level 1 in Invocations
  7038 | D:6      | Reached skill level 1 in Long Blades
  7038 | D:6      | Reached skill level 10 in Conjurations
  7152 | D:6      | Got a crude buckler
  7170 | D:6      | Identified the +6 buckler of the Will of the Gods {rElec rN+++ MR+ SInv} (You found it on level 6 of the Dungeon)
  7186 | D:6      | Reached * piety under Cheibriados
  7423 | D:6      | Found a staircase to the Ecumenical Temple.
  7954 | D:7      | Reached ** piety under Cheibriados
  8066 | D:7      | Reached XP level 10. HP: 32/75 MP: 3/20
  8085 | D:7      | Reached skill level 11 in Conjurations
  8115 | D:7      | Found a sand-covered staircase.
  8149 | Ossuary  | Entered an ossuary
  8318 | Ossuary  | Reached *** piety under Cheibriados
  8554 | Ossuary  | Reached **** piety under Cheibriados
  8694 | Ossuary  | Noticed Menkaure
  8702 | Ossuary  | Killed Menkaure
  8713 | Ossuary  | Learned a level 5 spell: Bolt of Magma
  9263 | D:7      | Reached skill level 1 in Fire Magic
  9588 | D:7      | Found a deep blue altar of Sif Muna.
  9827 | D:8      | Reached ***** piety under Cheibriados
  9933 | D:8      | Noticed a two-headed ogre
  9939 | D:8      | Killed a two-headed ogre
  9939 | D:8      | Reached skill level 1 in Fighting
  9939 | D:8      | Reached skill level 1 in Earth Magic
 10089 | D:8      | Noticed baronkooklespooks's ghost (novice DsFi)
 10105 | D:8      | Killed baronkooklespooks's ghost
 10105 | D:8      | Reached skill level 5 in Invocations
 10687 | D:8      | Noticed a two-headed ogre
 10691 | D:8      | Killed a two-headed ogre
 10691 | D:8      | Reached skill level 12 in Conjurations
 10691 | D:8      | Reached XP level 11. HP: 68/87 MP: 16/22
 10760 | D:8      | Learned a level 1 spell: Apportation
 10762 | D:8      | You fall through a shaft!
 10762 | D:9      | Found a sparkling altar of Nemelex Xobeh.
 10762 | D:9      | Found a hazy altar of Hepliaklqana.
 10999 | D:9      | Noticed baronkooklespooks's ghost (novice DsFi)
 11018 | D:8      | Reached skill level 1 in Evocations
 11221 | D:9      | Killed baronkooklespooks's ghost
 11369 | D:9      | Found Ibofria's Weapon Boutique.
 11370 | D:9      | Noticed a death yak
 11372 | D:9      | Noticed a death yak
 11374 | D:9      | Killed a death yak
 11375 | D:9      | Noticed a death yak
 11641 | D:9      | Killed a death yak
 11649 | D:9      | Noticed a two-headed ogre
 11662 | D:9      | Killed a two-headed ogre
 11789 | D:9      | Found a staircase to the Lair.
 11888 | D:9      | Found a glowing golden altar of the Shining One.
 11889 | D:9      | Found a bloodstained altar of Trog.
 11934 | D:9      | Reached ****** piety under Cheibriados
 12619 | D:9      | Noticed a two-headed ogre
 12620 | D:9      | Killed a two-headed ogre
 12620 | D:9      | Reached XP level 12. HP: 96/96 MP: 20/24
 12753 | D:9      | Upgraded the game from 0.20-a0-971-g5896763 to 0.20-a0-983-g35de22d
 12754 | D:10     | Entered Level 10 of the Dungeon
 12763 | D:10     | Noticed Josephine
 12765 | D:10     | Found Veclonump's Antique Armour Shop.
 12840 | D:10     | Killed Josephine
 12867 | D:10     | Slain by an orc knight

Vault maps used:
D:1:      dpeg_arrival_pits
D:2:      nicolae_ru_great_annihilating_truth, first_bread, minmay_ruptured,
          uniq_natasha, uniq_jessica
D:4:      bloody_makhleb
D:5:      lemuel_castle_with_subvaults, zin_purify, serial_shops, shop_statue,
          minmay_fountain_box, uniq_eustachio
D:6:      slow_altar_1, minmay_temple_entry_overgrown, minmay_joined_circles
D:7:      kennysheep_orc_sif_temple, nicolae_ossuary_entry_catacombs
D:9:      gammafunk_temple_overflow_statue, grunt_temple_overflow_open,
          dpeg_lair_monsters, serial_shops, shop, grunt_ogre_cave
D:10:     orc_0_dummy, serial_shops, shop, basic_altar, hive_lemuel,
          uniq_josephine
Ossuary:  ossuary_boxes_badplayer

Skill      XL: |  1  2  3  4  5  6  7  8  9 10 11 12 |
---------------+-------------------------------------+-----
Conjurations   | 5 6 8 9 10 12 | 12.9
Spellcasting   | 3 4 5 6 7 8 |  8.4
Shields        | 2 |  2.6
Armour         | 1 2 |  2.1
Invocations    | 3 5 6 |  6.8
Long Blades    | 2 3 4 |  4.2
Fire Magic     | 1 3 |  3.9
Fighting       | 2 |  2.4
Earth Magic    | 2 |  2.6
Dodging        | 2 3 |  3.9
Evocations     | 2 |  2.0
Stealth        | |  3.0

Action                   |  1- 3 |  4- 6 |  7- 9 | 10-12 || total
-------------------------+-------+-------+-------+-------++-------
Melee: Unarmed           |    13 |       |       |       ||    13
       Short sword       |     2 |     8 |       |       ||    10
       Falchion          |       |     2 |    35 |   122 ||   159
 Cast: Magic Dart        |    30 |   123 |   247 |   116 ||   516
       Searing Ray       |     1 |     5 |    48 |    65 ||   119
       Iskenderun's Myst |       |       |     1 |    53 ||    54
       Dazzling Spray    |       |       |       |     1 ||     1
       Bolt of Magma     |       |       |       |     5 ||     5
Invok: Step From Time    |       |       |       |     1 ||     1
       Slouch            |       |       |       |     1 ||     1
 Abil: Spit Poison       |     9 |    24 |    25 |    11 ||    69
Evoke: Wand              |       |       |     2 |     7 ||     9
  Use: Scroll            |     2 |     3 |    11 |    14 ||    30
       Potion            |       |     1 |     2 |     5 ||     8
 Stab: Paralysed         |       |     1 |       |    14 ||    15
       Sleeping          |       |       |     1 |     7 ||     8
       Confused          |       |       |       |     3 ||     3
  Eat: Chunk             |       |     7 |    12 |     7 ||    26
       Royal jelly       |       |     1 |       |       ||     1
       Fruit             |       |       |       |     3 ||     3
Armor: Robe              |     5 |     8 |    14 |       ||    27
       Leather armour    |       |       |    43 |    75 ||   118
Dodge: Dodged            |    19 |    11 |    71 |    88 ||   189
Block: Buckler           |       |       |    54 |   139 ||   193
       Rpst.: Falchion   |       |     1 |    21 |    30 ||    52
